 Dungeon Crawl Stone Soup version 0.29.0-4-gdea44cf6ec (webtiles) character file.

Game seed: 5231706505932360296

56 qw the Caller (level 3, -1/29 HPs)
             Began as a Ghoul Summoner on Sept 9, 2022.
             Slain by a white imp (3 damage)
             ... summoned by Natasha
             ... on level 3 of the Dungeon.
             The game lasted 00:01:05 (3387 turns).

qw the Caller (Ghoul Summoner)                      Turns: 3387, Time: 00:01:06

Health: -1/29      AC:  7    Str: 13    XL:     3   Next: 95%
Magic:  0/4        EV: 10    Int: 10    God:
Gold:   76         SH:  0    Dex:  9    Spells: 4/5 levels left

rFire   . . .      SeeInvis .   Y - +0 whip
rCold   + . .      Faith    .   (no shield)
rNeg    + + +      Spirit   .   d - +0 ring mail
rPois   inf        Reflect  .   a - +1 helmet
rElec   .          Harm     .   (no cloak)
rCorr   .          Rampage  .   (no gloves)
Will    .....                   (no boots)
Stlth   +.........              (no amulet)
HPRegen 0.00/turn               (no ring)
MPRegen 0.09/turn               (no ring)

@: inhibited regen, slowed, very slow
A: claws 1, cold resistance 1, negative energy resistance 3, inhibited
regeneration, torment resistance 2, devour on kill
a: no special abilities


You were on level 3 of the Dungeon.
You visited 1 branch of the dungeon, and saw 3 of its levels.

You collected 76 gold pieces.


Innate Abilities, Weirdness & Mutations

You are immune to poison.
You have sharp fingernails.
Your flesh is cold resistant. (rC+)
You are immune to negative energy. (rN+++)
You do not regenerate when monsters are visible.
You are immune to unholy pain and torment.
You thrive by killing the living.


   Skills:
 - Level 2.0 Fighting
 + Level 2.4 Axes
 - Level 1.7 Dodging
 - Level 2.1 Stealth
 - Level 1.7 Spellcasting
 - Level 3.6 Summonings


You had 4 spell levels left.
You knew the following spells:

 Your Spells              Type           Power      Damage    Failure   Level
a - Summon Small Mammal   Summ           32%        N/A       16%         1

Your spell library contained the following spells:

 Spells                   Type           Power      Damage    Failure   Level
 Call Imp                 Summ           8%         N/A       24%         2
 Call Canine Familiar     Summ           8%         N/A       43%         3
 Summon Guardian Golem    Hex/Summ       4%         N/A       71%         3
 Summon Lightning Spire   Summ/Air       4%         N/A       98%         4

Inventory:

Hand Weapons
 Y - a +0 whip (weapon)
Armour
 a - a +1 helmet (worn)
 d - a +0 ring mail (worn)
Potions
 c - a potion of brilliance {unknown}
 e - a potion of curing
 f - a potion of attraction {unknown}

Dungeon Overview and Level Annotations

Branches:
Dungeon (3/15)

Altars:

Annotations:
D:3 Natasha


Message History

Your magical contamination has completely faded away.
3382 ||| DRINKING potion of heal wounds.
You feel much better.
Your bat closely misses Natasha.
Your bat hits Natasha but does no damage.
Natasha claws you.
Natasha stares at you and mumbles some strange words.
You feel as though you will be slow longer.
You hit Natasha.
Natasha is moderately wounded.
Your bat barely misses Natasha. x2; Your bat completely misses Natasha.
Natasha mumbles some strange words.
You barely miss Natasha.
Natasha is moderately wounded.
Your bat misses Natasha.
Your bat barely misses the white imp.
Natasha casts a spell at you. The magic dart hits you.
A rat comes into view.
Natasha extends her claws.
Natasha barely misses you.
Your bat hits Natasha but does no damage.
You hit Natasha but do no damage.
Natasha is moderately wounded.
Your bat disappears in a puff of smoke!
Your bat hits Natasha but does no damage.
The white imp gestures at you. The puff of frost hits you. You resist.
Natasha casts a spell.
The white imp gestures at you. The puff of frost hits you. You resist.
You closely miss Natasha.
Natasha is moderately wounded.
Your bat closely misses Natasha.
Your bat hits the shadow imp but does no damage.
Natasha claws you. The white imp hits you. The white imp freezes you.
You resist. Natasha misses you.
3387 ||| CASTING Summon Small Mammal
Casting: Summon Small Mammal (safe; 16% risk of failure)
Confirm with . or Enter, or press ? or * to list all spells.
Your bat closely misses Natasha.
Your bat hits the rat. The white imp hits you.
You die...

.........
###...~~~~
#.....~..
#.....~.777 .#
#...r.~...
.~.# ...bb~.7
.~.### #5h5~.7
.~...
#@.~.77777.~.#
#..~.......~.#
#..~~~~~~~~~.#
##...........#
######..#####
##.# #.# #.#
#.#


You could see Natasha (ally target), a white imp (summoned, ally target), a
shadow imp (summoned), a rat and 2 friendly bats.

Vanquished Creatures
  A dart slug (D:2)
  A bat (D:2)
  5 endoplasms
  A giant cockroach (D:2)
  4 goblins
  4 jackals (D:1)
  A quokka (D:1)
  A ball python (D:1)
  2 frilled lizards (D:1)
  2 kobolds
  A rat (D:2)
23 creatures vanquished.

Vanquished Creatures (collateral kills)
  An adder (D:2)
  A worm (D:2)
  5 bats
  3 endoplasms
  A goblin (D:2)
  A hobgoblin (D:2)
  A kobold (D:2)
13 creatures vanquished.

Grand Total: 36 creatures vanquished

Notes
Turn   | Place    | Note
-------+----------+-------------------------------------------
     0 | D:1      | qw the Ghoul Summoner began the quest for the Orb.
     0 | D:1      | Reached XP level 1. HP: 14/14 MP: 2/2
     0 | D:1      | 0 ||| qw: Version: 0.1-a-113-g051387a
     0 | D:1      | 0 ||| qw: Game counter: 7179
     0 | D:1      | 0 ||| qw: Always use a shield: true
     0 | D:1      | 0 ||| qw: God list: Okawaru
     0 | D:1      | 0 ||| qw: Allow faded altars: false
     0 | D:1      | 0 ||| qw: Do Orc after D:15 true
     0 | D:1      | 0 ||| qw: Do second Lair branch before Depths: true
     0 | D:1      | 0 ||| qw: Lair rune preference: random
     0 | D:1      | 0 ||| qw: Plans: Normal
     0 | D:1      | 0 ||| PLANNING D:1-11
    34 | D:1      | 34 ||| CASTING Summon Small Mammal
    35 | D:1      | 35 ||| CASTING Summon Small Mammal
    50 | D:1      | 50 ||| CASTING Summon Small Mammal
    59 | D:1      | 59 ||| CASTING Summon Small Mammal
    87 | D:1      | 87 ||| CASTING Summon Small Mammal
    88 | D:1      | 88 ||| CASTING Summon Small Mammal
   156 | D:1      | 156 ||| CASTING Summon Small Mammal
   158 | D:1      | 158 ||| CASTING Summon Small Mammal
   169 | D:1      | 169 ||| CASTING Summon Small Mammal
   240 | D:1      | 240 ||| CASTING Summon Small Mammal
   241 | D:1      | 241 ||| CASTING Summon Small Mammal
   252 | D:1      | 252 ||| CASTING Summon Small Mammal
   264 | D:1      | Reached skill level 1 in Axes
   265 | D:1      | 265 ||| CASTING Summon Small Mammal
   265 | D:1      | HP: 2/14 [jackal (2)]
   524 | D:1      | 524 ||| CASTING Summon Small Mammal
   525 | D:1      | 525 ||| CASTING Summon Small Mammal
   531 | D:1      | Reached XP level 2. HP: 20/22 MP: 0/3
   536 | D:1      | 536 ||| CASTING Summon Small Mammal
   540 | D:1      | Reached skill level 1 in Fighting
   759 | D:1      | 759 ||| CASTING Summon Small Mammal
   760 | D:1      | 760 ||| CASTING Summon Small Mammal
   761 | D:1      | 761 ||| CASTING Summon Small Mammal
   771 | D:1      | 771 ||| CASTING Summon Small Mammal
   834 | D:1      | 834 ||| Wielding weapon +0 dagger.
   835 | D:1      | 835 ||| SWAPPING to +0 club.
   836 | D:1      | 836 ||| DROPPING +0 dagger.
   849 | D:1      | 849 ||| CASTING Summon Small Mammal
   850 | D:1      | 850 ||| CASTING Summon Small Mammal
   851 | D:1      | 851 ||| CASTING Summon Small Mammal
   906 | D:1      | 906 ||| CASTING Summon Small Mammal
   907 | D:1      | 907 ||| CASTING Summon Small Mammal
   908 | D:1      | 908 ||| CASTING Summon Small Mammal
   945 | D:1      | 945 ||| SWAPPING to +0 short sword.
   946 | D:1      | 946 ||| DROPPING +0 club.
   986 | D:1      | 986 ||| CASTING Summon Small Mammal
   987 | D:1      | 987 ||| CASTING Summon Small Mammal
   988 | D:1      | 988 ||| CASTING Summon Small Mammal
  1090 | D:1      | 1090 ||| CASTING Summon Small Mammal
  1091 | D:1      | 1091 ||| CASTING Summon Small Mammal
  1092 | D:1      | 1092 ||| CASTING Summon Small Mammal
  1102 | D:1      | 1102 ||| CASTING Summon Small Mammal
  1204 | D:1      | 1204 ||| CASTING Summon Small Mammal
  1205 | D:1      | 1205 ||| CASTING Summon Small Mammal
  1206 | D:1      | 1206 ||| CASTING Summon Small Mammal
  1333 | D:1      | 1333 ||| CASTING Summon Small Mammal
  1334 | D:1      | 1334 ||| CASTING Summon Small Mammal
  1335 | D:1      | 1335 ||| CASTING Summon Small Mammal
  1345 | D:1      | 1345 ||| CASTING Summon Small Mammal
  1568 | D:1      | 1568 ||| SWAPPING to +0 whip.
  1569 | D:1      | 1569 ||| DROPPING +0 short sword.
  1747 | D:1      | 1747 ||| CASTING Summon Small Mammal
  1748 | D:1      | 1748 ||| CASTING Summon Small Mammal
  1749 | D:1      | 1749 ||| CASTING Summon Small Mammal
  1930 | D:1      | 1930 ||| UPGRADING to +0 ring mail.
  1940 | D:1      | 1940 ||| DROPPING +0 robe.
  1941 | D:1      | 1941 ||| DRINKING 2 purple potions.
  1942 | D:1      | 1942 ||| DRINKING 2 fizzy golden potions.
  1943 | D:1      | 1943 ||| DROPPING potion of magic.
  1975 | D:2      | 1975 ||| CASTING Summon Small Mammal
  1976 | D:2      | 1976 ||| STAIRDANCE
  1989 | D:2      | 1989 ||| CASTING Summon Small Mammal
  1990 | D:2      | 1990 ||| CASTING Summon Small Mammal
  1991 | D:2      | 1991 ||| CASTING Summon Small Mammal
  1994 | D:2      | 1994 ||| STAIRDANCE
  2081 | D:2      | 2081 ||| CASTING Summon Small Mammal
  2082 | D:2      | 2082 ||| CASTING Summon Small Mammal
  2083 | D:2      | 2083 ||| CASTING Summon Small Mammal
  2094 | D:2      | 2094 ||| CASTING Summon Small Mammal
  2096 | D:2      | Reached XP level 3. HP: 24/28 MP: 0/4
  2105 | D:2      | 2105 ||| CASTING Summon Small Mammal
  2156 | D:2      | 2156 ||| Stepping ~*~*~tactically~*~*~ (stealth).
  2158 | D:2      | 2158 ||| CASTING Summon Small Mammal
  2159 | D:2      | 2159 ||| CASTING Summon Small Mammal
  2160 | D:2      | 2160 ||| CASTING Summon Small Mammal
  2161 | D:2      | 2161 ||| CASTING Summon Small Mammal
  2205 | D:2      | 2205 ||| CASTING Summon Small Mammal
  2206 | D:2      | 2206 ||| CASTING Summon Small Mammal
  2207 | D:2      | 2207 ||| CASTING Summon Small Mammal
  2208 | D:2      | 2208 ||| CASTING Summon Small Mammal
  2309 | D:2      | 2309 ||| CASTING Summon Small Mammal
  2310 | D:2      | 2310 ||| CASTING Summon Small Mammal
  2311 | D:2      | 2311 ||| CASTING Summon Small Mammal
  2312 | D:2      | 2312 ||| CASTING Summon Small Mammal
  2442 | D:2      | 2442 ||| CASTING Summon Small Mammal
  2443 | D:2      | 2443 ||| CASTING Summon Small Mammal
  2444 | D:2      | 2444 ||| CASTING Summon Small Mammal
  2445 | D:2      | 2445 ||| CASTING Summon Small Mammal
  2536 | D:2      | 2536 ||| CASTING Summon Small Mammal
  2537 | D:2      | 2537 ||| CASTING Summon Small Mammal
  2538 | D:2      | 2538 ||| CASTING Summon Small Mammal
  2539 | D:2      | 2539 ||| CASTING Summon Small Mammal
  2547 | D:2      | 2547 ||| CASTING Summon Small Mammal
  2653 | D:2      | 2653 ||| CASTING Summon Small Mammal
  2654 | D:2      | 2654 ||| CASTING Summon Small Mammal
  2655 | D:2      | 2655 ||| CASTING Summon Small Mammal
  2656 | D:2      | 2656 ||| CASTING Summon Small Mammal
  2768 | D:2      | 2768 ||| CASTING Summon Small Mammal
  2769 | D:2      | 2769 ||| CASTING Summon Small Mammal
  2770 | D:2      | 2770 ||| CASTING Summon Small Mammal
  2771 | D:2      | 2771 ||| CASTING Summon Small Mammal
  2874 | D:2      | 2874 ||| CASTING Summon Small Mammal
  2875 | D:2      | 2875 ||| CASTING Summon Small Mammal
  2876 | D:2      | 2876 ||| CASTING Summon Small Mammal
  2877 | D:2      | 2877 ||| CASTING Summon Small Mammal
  2937 | D:2      | 2937 ||| CASTING Summon Small Mammal
  2938 | D:2      | 2938 ||| CASTING Summon Small Mammal
  2939 | D:2      | 2939 ||| CASTING Summon Small Mammal
  2940 | D:2      | 2940 ||| CASTING Summon Small Mammal
  2995 | D:2      | 2995 ||| CASTING Summon Small Mammal
  2996 | D:2      | 2996 ||| CASTING Summon Small Mammal
  2997 | D:2      | 2997 ||| CASTING Summon Small Mammal
  2998 | D:2      | 2998 ||| CASTING Summon Small Mammal
  3006 | D:2      | 3006 ||| CASTING Summon Small Mammal
  3111 | D:2      | 3111 ||| CASTING Summon Small Mammal
  3112 | D:2      | 3112 ||| CASTING Summon Small Mammal
  3113 | D:2      | 3113 ||| CASTING Summon Small Mammal
  3114 | D:2      | 3114 ||| CASTING Summon Small Mammal
  3122 | D:2      | 3122 ||| CASTING Summon Small Mammal
  3318 | D:2      | 3318 ||| UPGRADING to +0 helmet.
  3323 | D:2      | 3323 ||| READING scroll labelled RIRYENOUTU.
  3324 | D:2      | 3324 ||| READING 2 scrolls labelled TAS XETAICW.
  3325 | D:2      | 3325 ||| READING scroll of enchant armour.
  3325 | D:2      | 3325 ||| ENCHANTING +0 helmet.
  3371 | D:3      | Noticed Natasha
  3372 | D:3      | 3372 ||| CASTING Summon Small Mammal
  3373 | D:3      | 3373 ||| CASTING Summon Small Mammal
  3374 | D:3      | 3374 ||| CASTING Summon Small Mammal
  3375 | D:3      | 3375 ||| CASTING Summon Small Mammal
  3380 | D:3      | 3380 ||| CASTING Summon Small Mammal
  3381 | D:3      | HP: 2/29 [Natasha (7)]
  3382 | D:3      | 3382 ||| DRINKING potion of heal wounds.
  3386 | D:3      | HP: 6/29 [Natasha (5)]
  3386 | D:3      | HP: 2/29 [white imp[Natasha] (2)]
  3387 | D:3      | 3387 ||| CASTING Summon Small Mammal
  3387 | D:3      | Slain by a white imp

Levels and vault maps discovered:
D:1:      matt_arrival_spirals, layout_basic
D:2:      layout_basic
D:3:      layout_loops_ring, mainiacjoe_overflow_brackets,
          hellmonk_ecumenical_altar_crossroads, uniq_terence, uniq_natasha,
          uniq_robin

Skill      XL: |  1  2  3 |
---------------+----------+-----
Axes           | 1 2 |  2.4
Fighting       | 1 2 |  2.0
Dodging        | |  1.7
Stealth        | |  2.1
Spellcasting   | |  1.7
Summonings     | |  3.6

Action                   || total
-------------------------++-------
Melee: Unarmed           ||    47
       Short sword       ||    20
       Whip              ||    61
       Club              ||     5
 Cast: Summon Small Mamm ||    93
  Use: Potion            ||     3
       Scroll            ||     3
 Stab: Distracted        ||     2
Armor: Robe              ||    15
       Ring mail         ||    26
Dodge: Dodged            ||    77

Table legend:
 A = Non-vault XP
 B = Vault XP
 C = Vault XP percentage of total XP
 D = Non-vault monster count
 E = Vault monster count
 F = Vault count percentage of total count
                 A         B        C        D         E       F
            +---------+---------+-------+---------+---------+-------
      Total |      80 |       0 |   0.0 |      36 |       0 |   0.0
            +---------+---------+-------+---------+---------+-------
        D:1 |      30 |       0 |   0.0 |      18 |       0 |   0.0
        D:2 |      50 |       0 |   0.0 |      18 |       0 |   0.0
            +---------+---------+-------+---------+---------+-------
